AoeStats
← iaguz

Golden Pit

509357515Analyzed
1v1 RM · 5d ago on Sep 26, 2026· 44m 27s· 2 players
Game mode
Random Map
Map size
Tiny (2 player)
Population
200
Speed
Normal
Resources
Standard
Victory
Conquest
Starting age
Dark Age
Ending age
Imperial Age
RankedLock teamsTeams togetherTeam positionsShared explorationLock speedFull tech treeHidden civsTurbo modeCheats
Victory
Defeat
🇩🇪 Portuguese · Germany
1869
+21
🇦🇺 Mapuche · Australia
1973
-21
LukeTheHunter
6:30 Loom
8:46 Feudal Age
10:41 Double-Bit Axe
17:25 Fletching
22:10 Castle Age
20:29 Stone Mining
21:19 Horse Collar
21:30 Gold Mining
22:40 Wheelbarrow
23:13 Bow Saw
30:24 Heavy Plow
36:39 Imperial Age
35:26 Scale Barding Armor
35:32 Forging
36:31 Husbandry
36:26 Light Cavalry
37:17 Bloodlines
37:52 Bloodlines
38:22 Block Printing
iaguz
6:11 Loom
9:03 Feudal Age
9:05 Champi Runner
9:39 Double-Bit Axe
13:25 Fletching
21:46 Castle Age
19:47 Horse Collar
19:58 Gold Mining
22:53 Heavy Plow
23:04 Bow Saw
22:51 Bodkin Arrow
23:23 Padded Archer Armor
24:53 Town Watch
33:35 Forging
33:26 Scale Mail Armor
37:35 Imperial Age
36:59 Wheelbarrow
36:24 Town Patrol
37:20 Bow Saw
37:01 Stone Mining
38:33 Iron Casting
39:22 Chain Mail Armor
39:39 Champi Warrior
40:51 Plate Mail Armor
44:29 Blast Furnace
43:05 Pikeman
Connection lost

Rejoining the realm…

Still unreachable

The connection could not be restored.

Session expired

The server has moved on; the page needs a fresh start.